PBL
LOS ANGELES ANGELS @ ATLANTA BRAVES
07/13/2071
 
TOP OF THE 1ST
Los Angeles Angels batting - Pitching for Atlanta Braves : RHP Hung-chang Wang
Pitching: RHP Hung-chang Wang
Batting: LHB Kenzaburo Sato 0-0: Called Strike
0-1: Ball
1-1: Ball
2-1: Called Strike
2-2: Ball
3-2: Fly out, F9 (Flyball, 89S, EV 77.5 MPH)
Batting: RHB Duncan Phillips 0-0: Ball
1-0: Ball
2-0: Ball
3-0: Called Strike
3-1: Called Strike
3-2: Base on Balls
Batting: LHB Ma-huan Yan 0-0: Foul Ball, location: 2F
0-1: 2-RUN HOME RUN (Flyball, 89XD, EV 109.4 MPH), Distance : 437 ft
Batting: RHB Craig Martin 0-0: Called Strike
0-1: Ball
1-1: Fly out, F9 (Flyball, 9D, EV 111.3 MPH)
Batting: LHB Joe Shaw 0-0: Ball
1-0: Ball
2-0: Foul Ball, location: 25F
2-1: Ground out 3-1 (Groundball, 34, EV 88.8 MPH)
Top of the 1st over - 2 runs, 1 hit, 0 errors, 0 left on base; Los Angeles 2 - Atlanta 0
BOTTOM OF THE 1ST
Atlanta Braves batting - Pitching for Los Angeles Angels : LHP David Aguilar
Pitching: LHP David Aguilar
Batting: SHB Ramón Salinas 0-0: Swinging Strike
0-1: Foul Ball, location: 2F
0-2: Strikes out swinging
Batting: RHB Murai Kimura 0-0: Ball
1-0: Ball
2-0: Swinging Strike
2-1: Foul Ball, location: 3FF
2-2: Ground out 4-3 (Groundball, 4, EV 86.3 MPH)
Batting: RHB David Miller 0-0: Ball
1-0: Ground out 6-3 (Groundball, 6, EV 99.4 MPH)
Bottom of the 1st over - 0 runs, 0 hits, 0 errors, 0 left on base; Los Angeles 2 - Atlanta 0
TOP OF THE 2ND
Los Angeles Angels batting - Pitching for Atlanta Braves : RHP Hung-chang Wang
Batting: SHB Jeff Vaughn 0-0: Swinging Strike
0-1: Foul Ball, location: 5SF
0-2: Strikes out swinging
Batting: RHB Tony Mora 0-0: Called Strike
0-1: Called Strike
0-2: Foul Ball, location: 2F
0-2: Foul Ball, location: 3FF
0-2: Strikes out swinging
Batting: SHB Xavier Martínez 0-0: Ball
1-0: Called Strike
1-1: Foul Ball, location: 3F
1-2: Fly out, F4 (Line Drive, 4, EV 71.9 MPH)
Top of the 2nd over - 0 runs, 0 hits, 0 errors, 0 left on base; Los Angeles 2 - Atlanta 0
BOTTOM OF THE 2ND
Atlanta Braves batting - Pitching for Los Angeles Angels : LHP David Aguilar
Batting: RHB Vince Gielens 0-0: Ball
1-0: Swinging Strike
1-1: SOLO HOME RUN (Flyball, 7LD, EV 95.6 MPH), Distance : 363 ft
Batting: RHB Ray Boyer 0-0: Ball
1-0: Foul Ball, location: 2F
1-1: Ball
2-1: Called Strike
2-2: Strikes out swinging
Batting: RHB Kelvin White 0-0: Swinging Strike
0-1: Ball
1-1: Ground out 5-3 (Groundball, 56S, EV 86.9 MPH)
Batting: RHB Tyrone Evans 0-0: Ground out 4-3 (Groundball, 34D, EV 91.9 MPH)
Bottom of the 2nd over - 1 run, 1 hit, 0 errors, 0 left on base; Los Angeles 2 - Atlanta 1
TOP OF THE 3RD
Los Angeles Angels batting - Pitching for Atlanta Braves : RHP Hung-chang Wang
Batting: RHB David Frederick 0-0: Called Strike
0-1: Called Strike
0-2: Ball
1-2: Ball
2-2: Strikes out swinging
Batting: LHB Kenzaburo Sato 0-0: Called Strike
0-1: Swinging Strike
0-2: Strikes out swinging
Batting: RHB Duncan Phillips 0-0: Ball
1-0: Swinging Strike
1-1: Ball
2-1: Ball
3-1: Foul Ball, location: 2F
3-2: Foul Ball, location: 2F
3-2: Base on Balls
Batting: LHB Ma-huan Yan 0-0: Ball
1-0: Called Strike
1-1: Ball
2-1: Foul Ball, location: 7LSF
2-2: Foul Ball, location: 2F
2-2: SINGLE (Line Drive, 8LS, EV 105.0 MPH)
Duncan Phillips to second
Batting: RHB Craig Martin 0-0: Foul Ball, location: 2F
0-1: Foul Ball, location: 2F
0-2: Ball
1-2: Strikes out swinging
Top of the 3rd over - 0 runs, 1 hit, 0 errors, 2 left on base; Los Angeles 2 - Atlanta 1
BOTTOM OF THE 3RD
Atlanta Braves batting - Pitching for Los Angeles Angels : LHP David Aguilar
Batting: RHB Ronald Baldwin 0-0: Ball
1-0: Swinging Strike
1-1: Fly out, F9 (Line Drive, 9LM, EV 91.3 MPH)
Batting: RHB Francisco Vega 0-0: Fly out, F7 (Flyball, 78S, EV 91.3 MPH)
Batting: SHB Ramón Salinas 0-0: Ball
1-0: Ball
2-0: SOLO HOME RUN (Flyball, 9LD, EV 96.3 MPH), Distance : 336 ft
Batting: RHB Murai Kimura 0-0: Called Strike
0-1: Foul Ball, location: 9LDF
0-2: Hit by Pitch, AND HE CHARGES THE MOUND! The benches clear!
Pitching: LHP José Tovar
Pinch Runner at 1st Paul Graham:
Batting: RHB David Miller 0-0: Swinging Strike
0-1: Swinging Strike
0-2: Strikes out looking
Bottom of the 3rd over - 1 run, 1 hit, 0 errors, 1 left on base; Los Angeles 2 - Atlanta 2
TOP OF THE 4TH
Los Angeles Angels batting - Pitching for Atlanta Braves : RHP Hung-chang Wang
Now in LF: Paul Graham
Batting: LHB Joe Shaw 0-0: Ball
1-0: Called Strike
1-1: Swinging Strike
1-2: Foul Ball, location: 2F
1-2: Ball
2-2: Ball
3-2: Fly out, F1 (Line Drive, P, EV 68.1 MPH)
Batting: SHB Jeff Vaughn 0-0: Ball
1-0: Called Strike
1-1: Swinging Strike
1-2: Ground out 4-3 (Groundball, 4, EV 63.8 MPH)
Batting: RHB Tony Mora 0-0: Ball
1-0: Called Strike
1-1: Ball
2-1: Ball
3-1: Ground out 5-3 (Groundball, 56S, EV 67.5 MPH)
Top of the 4th over - 0 runs, 0 hits, 0 errors, 0 left on base; Los Angeles 2 - Atlanta 2
BOTTOM OF THE 4TH
Atlanta Braves batting - Pitching for Los Angeles Angels : LHP José Tovar
Batting: RHB Vince Gielens 0-0: Ball
1-0: Called Strike
1-1: Foul Ball, location: 2LF
1-2: Strikes out looking
Batting: RHB Ray Boyer 0-0: Called Strike
0-1: Ball
1-1: Ball
2-1: Called Strike
2-2: Strikes out swinging
Batting: RHB Kelvin White 0-0: Called Strike
0-1: Ball
1-1: Ball
2-1: Ball
3-1: Called Strike
3-2: Strikes out swinging
Bottom of the 4th over - 0 runs, 0 hits, 0 errors, 0 left on base; Los Angeles 2 - Atlanta 2
TOP OF THE 5TH
Los Angeles Angels batting - Pitching for Atlanta Braves : RHP Hung-chang Wang
Batting: SHB Xavier Martínez 0-0: Ball
1-0: Foul Ball, location: 7LMF
1-1: Swinging Strike
1-2: Ball
2-2: Ball
3-2: Strikes out looking
Batting: RHB David Frederick 0-0: Ball
1-0: Ground out 6-3 (Groundball, 6, EV 102.5 MPH)
Batting: LHB Kenzaburo Sato 0-0: Foul Ball, location: 2F
0-1: Called Strike
0-2: Strikes out swinging
Top of the 5th over - 0 runs, 0 hits, 0 errors, 0 left on base; Los Angeles 2 - Atlanta 2
BOTTOM OF THE 5TH
Atlanta Braves batting - Pitching for Los Angeles Angels : LHP José Tovar
Batting: RHB Tyrone Evans 0-0: Called Strike
0-1: Called Strike
0-2: Ball
1-2: Foul Ball, location: 2F
1-2: Strikes out swinging
Batting: RHB Ronald Baldwin 0-0: Fly out, F8 (Flyball, 8RM, EV 96.3 MPH)
Batting: RHB Francisco Vega 0-0: Ball
1-0: Ball
2-0: Called Strike
2-1: Foul Ball, location: 23FF
2-2: Ball
3-2: Strikes out looking
Bottom of the 5th over - 0 runs, 0 hits, 0 errors, 0 left on base; Los Angeles 2 - Atlanta 2
TOP OF THE 6TH
Los Angeles Angels batting - Pitching for Atlanta Braves : RHP Hung-chang Wang
Batting: RHB Duncan Phillips 0-0: Called Strike
0-1: Ball
1-1: Ball
2-1: Called Strike
2-2: Ball
3-2: Base on Balls
Pitching: LHP Kosaku Ono
Batting: LHB Ma-huan Yan 0-0: Called Strike
0-1: Grounds out, U3 (Groundball, 3L, EV 86.9 MPH)
Batting: RHB Craig Martin 0-0: Called Strike
0-1: Foul Ball, location: 9LMF
0-2: Ball
1-2: Ball
2-2: Ball
3-2: Ground out 6-3 (Groundball, 6, EV 94.4 MPH)
Batting: LHB Joe Shaw 0-0: Ball
1-0: Called Strike
1-1: Called Strike
1-2: Ball
2-2: Strikes out swinging
Top of the 6th over - 0 runs, 0 hits, 0 errors, 1 left on base; Los Angeles 2 - Atlanta 2
BOTTOM OF THE 6TH
Atlanta Braves batting - Pitching for Los Angeles Angels : LHP José Tovar
Batting: SHB Ramón Salinas 0-0: Called Strike
0-1: Foul Ball, location: 2F
0-2: Strikes out swinging
Batting: LHB Paul Graham 0-0: Foul Ball, location: 7LDF
0-1: Foul Ball, location: 3FF
0-2: Ball
1-2: Ball
2-2: Strikes out looking
Pitching: RHP Roy Cruz
Batting: RHB David Miller 0-0: Called Strike
0-1: Ground out 1-3 (Groundball, 34S, EV 75.6 MPH)
Bottom of the 6th over - 0 runs, 0 hits, 0 errors, 0 left on base; Los Angeles 2 - Atlanta 2
TOP OF THE 7TH
Los Angeles Angels batting - Pitching for Atlanta Braves : LHP Kosaku Ono
Pitching: RHP Ju-il Kae
Batting: SHB Jeff Vaughn 0-0: Ball
1-0: Foul Ball, location: 25F
1-1: Foul Ball, location: 7LSF
1-2: Ball
2-2: Strikes out swinging
Batting: RHB Tony Mora 0-0: Foul Ball, location: 2F
0-1: Ball
1-1: Foul Ball, location: 5FF
1-2: Ground out U3 (Groundball, 34, EV 88.8 MPH)
Batting: SHB Xavier Martínez 0-0: DOUBLE (Line Drive, 5D, EV 94.4 MPH)
Batting: RHB David Frederick 0-0: Ball
1-0: Called Strike
1-1: Swinging Strike
1-2: Strikes out looking
Top of the 7th over - 0 runs, 1 hit, 0 errors, 1 left on base; Los Angeles 2 - Atlanta 2
BOTTOM OF THE 7TH
Atlanta Braves batting - Pitching for Los Angeles Angels : RHP Roy Cruz
Pinch Hitting: LHB Roberto Snyder 0-0: Called Strike
0-1: Ball
1-1: Ball
2-1: Ball
3-1: Base on Balls
Batting: RHB Ray Boyer 0-0: Foul Ball, location: 5F
0-1: Swinging Strike
0-2: Ball
1-2: Strikes out looking
Batting: RHB Kelvin White 0-0: SINGLE (Groundball, 6D, EV 103.1 MPH)
Roberto Snyder to second
Batting: LHB Eric Kilbridge 0-0: Called Strike
0-1: Foul Ball, location: 7LDF
0-2: Ball
1-2: Hit by Pitch
Roberto Snyder to third
Kelvin White to second
Batting: RHB Ronald Baldwin 0-0: Called Strike
0-1: Ball
1-1: Grounds into double play, 6-2-3 (Groundball, 6, EV 90.0 MPH)
Bottom of the 7th over - 0 runs, 1 hit, 0 errors, 2 left on base; Los Angeles 2 - Atlanta 2
TOP OF THE 8TH
Los Angeles Angels batting - Pitching for Atlanta Braves : RHP Ju-il Kae
Now at 1B: Roberto Snyder
Batting: LHB Kenzaburo Sato 0-0: Ball
1-0: Ball
2-0: Ball
3-0: Base on Balls
Pitching: LHP Tomás Macías
Batting: RHB Duncan Phillips 0-0: Foul Ball, location: 9LSF
0-1: Called Strike
0-2: Strikes out looking
Pinch Hitting: RHB Marvin Cummings 0-0: Ball
1-0: Ball
2-0: Foul Ball, location: 2F
2-1: Grounds into double play, 5-4-3 (Groundball, 56, EV 83.8 MPH)
Top of the 8th over - 0 runs, 0 hits, 0 errors, 0 left on base; Los Angeles 2 - Atlanta 2
BOTTOM OF THE 8TH
Atlanta Braves batting - Pitching for Los Angeles Angels : RHP Roy Cruz
Now at 1B: Chris Doubron
Batting: RHB Francisco Vega 0-0: Swinging Strike
0-1: Swinging Strike
0-2: Strikes out swinging
Batting: SHB Ramón Salinas 0-0: Called Strike
0-1: Called Strike
0-2: Ball
1-2: Foul Ball, location: 5F
1-2: Fly out, F9 (Flyball, 89M, EV 96.9 MPH)
Batting: LHB Paul Graham 0-0: Ball
1-0: Ground out 6-3 (Groundball, 4, EV 89.4 MPH)
Bottom of the 8th over - 0 runs, 0 hits, 0 errors, 0 left on base; Los Angeles 2 - Atlanta 2
TOP OF THE 9TH
Los Angeles Angels batting - Pitching for Atlanta Braves : LHP Tomás Macías
Batting: RHB Craig Martin 0-0: Ball
1-0: Ground out 4-3 (Groundball, P, EV 86.9 MPH)
Batting: RHB Raúl Galló 0-0: Ball
1-0: Called Strike
1-1: Ball
2-1: Swinging Strike
2-2: Strikes out looking
Batting: SHB Jeff Vaughn 0-0: Ball
1-0: Foul Ball, location: 3FF
1-1: Called Strike
1-2: Ball
2-2: Ball
3-2: Foul Ball, location: 2F
3-2: Base on Balls
Batting: RHB Tony Mora 0-0: Called Strike
0-1: Ball
1-1: DOUBLE (Flyball, 89D, EV 106.3 MPH)
Jeff Vaughn to third
Runner from 3rd tries for Home, SAFE, throw by CF to trailing runner, OUT at third! 8-3-5
Top of the 9th over - 1 run, 1 hit, 0 errors, 0 left on base; Los Angeles 3 - Atlanta 2
BOTTOM OF THE 9TH
Atlanta Braves batting - Pitching for Los Angeles Angels : RHP Roy Cruz
Pitching: RHP José López
Batting: RHB David Miller 0-0: Called Strike
0-1: Ball
1-1: Foul Ball, location: 9LSF
1-2: Ball
2-2: Foul Ball, location: 2F
2-2: Ground out 6-3 (Groundball, 6, EV 78.1 MPH)
Batting: LHB Roberto Snyder 0-0: Ball
1-0: Ball
2-0: SOLO HOME RUN (Flyball, 7D, EV 98.8 MPH), Distance : 377 ft
Batting: RHB Ray Boyer 0-0: Ball
1-0: Ball
2-0: Called Strike
2-1: Foul Ball, location: 2LF
2-2: Foul Ball, location: 5FF
2-2: Strikes out looking
Batting: RHB Kelvin White 0-0: Ball
1-0: Swinging Strike
1-1: Swinging Strike
1-2: Fly out, F4 (Line Drive, 4, EV 61.3 MPH)
Bottom of the 9th over - 1 run, 1 hit, 0 errors, 0 left on base; Los Angeles 3 - Atlanta 3
TOP OF THE 10TH
Los Angeles Angels batting - Pitching for Atlanta Braves : LHP Tomás Macías
Pinch Hitting: RHB Stanley Blake 0-0: Ball
1-0: Ball
2-0: Ball
3-0: Base on Balls
Batting: RHB David Frederick 0-0: Called Strike
0-1: Foul Ball, location: 5FF
0-2: Strikes out swinging
Pitching: RHP Vicente López
Batting: LHB Kenzaburo Sato 0-0: Bunted foul
0-1: Ball
1-1: Ball
2-1: Ball
3-1: Sac Bunt to 13S - play at first, batter OUT! 1-3
Stanley Blake to second
Batting: RHB Duncan Phillips 0-0: Foul Ball, location: 25F
0-1: Ball
1-1: Ball
2-1: Swinging Strike
2-2: Strikes out looking
Top of the 10th over - 0 runs, 0 hits, 0 errors, 1 left on base; Los Angeles 3 - Atlanta 3
BOTTOM OF THE 10TH
Atlanta Braves batting - Pitching for Los Angeles Angels : RHP José López
Now at 2B: Jung-won Sop
Batting: LHB Eric Kilbridge 0-0: Ball
1-0: Called Strike
1-1: Ball
2-1: Called Strike
2-2: Strikes out swinging
Pinch Hitting: SHB Alonso Suárez 0-0: Called Strike
0-1: Ball
1-1: Foul Ball, location: 25F
1-2: Fly out, F7 (Flyball, 78M, EV 90.6 MPH)
Batting: RHB Francisco Vega 0-0: Called Strike
0-1: Ball
1-1: Fly out, F5 (Popup, 5S, EV 78.8 MPH)
Bottom of the 10th over - 0 runs, 0 hits, 0 errors, 0 left on base; Los Angeles 3 - Atlanta 3
TOP OF THE 11TH
Los Angeles Angels batting - Pitching for Atlanta Braves : RHP Vicente López
Now at C: Alonso Suárez
Batting: RHB Chris Doubron 0-0: Called Strike
0-1: Ball
1-1: Foul Ball, location: 5F
1-2: DOUBLE (Flyball, 8RXD, EV 100.0 MPH)
Batting: RHB Craig Martin 0-0: Foul Ball, location: 9LDF
0-1: Called Strike
0-2: Strikes out swinging
Batting: RHB Raúl Galló 0-0: Ball
1-0: Foul Ball, location: 23F
1-1: Ball
2-1: Ball
3-1: Base on Balls
Batting: SHB Jeff Vaughn 0-0: Foul Ball, location: 5SF
0-1: Called Strike
0-2: Strikes out swinging
Batting: RHB Tony Mora 0-0: Ball
1-0: Swinging Strike
1-1: Foul Ball, location: 9LDF
1-2: Strikes out swinging
Top of the 11th over - 0 runs, 1 hit, 0 errors, 2 left on base; Los Angeles 3 - Atlanta 3
BOTTOM OF THE 11TH
Atlanta Braves batting - Pitching for Los Angeles Angels : RHP José López
Pitching: RHP Mark Liñares
Batting: SHB Ramón Salinas 0-0: Ball
1-0: Foul Ball, location: 2F
1-1: Ball
2-1: Fly out, F9 (Flyball, 9S, EV 77.5 MPH)
Batting: LHB Paul Graham 0-0: Foul Ball, location: 3F
0-1: Called Strike
0-2: Fly out, F7 (Flyball, 78M, EV 69.4 MPH)
Batting: RHB David Miller 0-0: Called Strike
0-1: Foul Ball, location: 2F
0-2: Ball
1-2: Foul Ball, location: 2F
1-2: Strikes out looking
Bottom of the 11th over - 0 runs, 0 hits, 0 errors, 0 left on base; Los Angeles 3 - Atlanta 3
TOP OF THE 12TH
Los Angeles Angels batting - Pitching for Atlanta Braves : RHP Vicente López
Pitching: RHP Bu-wei Shang
Batting: LHB Jung-won Sop 0-0: Swinging Strike
0-1: Swinging Strike
0-2: Strikes out swinging
Batting: RHB David Frederick 0-0: Called Strike
0-1: Ground out 1-3 (Groundball, 13S, EV 66.9 MPH)
Batting: LHB Kenzaburo Sato 0-0: Fly out, F9 (Line Drive, 89M, EV 97.5 MPH)
Top of the 12th over - 0 runs, 0 hits, 0 errors, 0 left on base; Los Angeles 3 - Atlanta 3
BOTTOM OF THE 12TH
Atlanta Braves batting - Pitching for Los Angeles Angels : RHP Mark Liñares
Batting: LHB Roberto Snyder 0-0: Fly out, F7 (Flyball, 7S, EV 92.5 MPH)
Batting: RHB Ray Boyer 0-0: Foul Ball, location: 2LF
0-1: Called Strike
0-2: Fly out, F9 (Flyball, 89M, EV 105.6 MPH)
Batting: RHB Kelvin White 0-0: Foul Ball, location: 7LDF
0-1: Ground out 6-3 (Groundball, 6, EV 86.3 MPH)
Bottom of the 12th over - 0 runs, 0 hits, 0 errors, 0 left on base; Los Angeles 3 - Atlanta 3
TOP OF THE 13TH
Los Angeles Angels batting - Pitching for Atlanta Braves : RHP Bu-wei Shang
Batting: RHB Duncan Phillips 0-0: Ball
1-0: Ball
2-0: Called Strike
2-1: Ground out 4-3 (Groundball, 4MS, EV 65.6 MPH)
Batting: RHB Chris Doubron 0-0: Called Strike
0-1: Ball
1-1: Ball
2-1: Called Strike
2-2: Strikes out swinging, 2-3 out at first.
Batting: RHB Craig Martin 0-0: Called Strike
0-1: Ball
1-1: Foul Ball, location: 9LDF
1-2: Strikes out looking
Top of the 13th over - 0 runs, 0 hits, 0 errors, 0 left on base; Los Angeles 3 - Atlanta 3
BOTTOM OF THE 13TH
Atlanta Braves batting - Pitching for Los Angeles Angels : RHP Mark Liñares
Batting: LHB Eric Kilbridge 0-0: Foul Ball, location: 7LDF
0-1: Ball
1-1: Foul Ball, location: 2F
1-2: Ball
2-2: Ball
3-2: SOLO HOME RUN (Flyball, 9LD, EV 93.8 MPH), Distance : 336 ft
Bottom of the 13th over - 1 run, 1 hit, 0 errors, 0 left on base; Los Angeles 3 - Atlanta 4
Wednesday, May 1st , 2024 - OOTP Baseball 24.10 Build 82